 Dungeon Crawl Stone Soup version 0.18-a0-1225-g5d63bca (webtiles) character file.

239 krabocopter the Shield-Bearer (level 6, -5/51 HPs)
             Began as a Hill Orc Fighter on Feb 3, 2016.
             Killed by divine providence
             ... invoked by an orc priest
              (8 damage)
             ... on level 4 of the Dungeon.
             The game lasted 00:07:11 (2149 turns).

krabocopter the Shield-Bearer (Hill Orc Fighter)    Turns: 2149, Time: 00:07:12

Health: -5/51      AC: 13    Str: 19    XL:     6   Next: 7%
Magic:  6/6        EV:  5    Int: 11    God:
Gold:   166        SH: 10    Dex: 11    Spells: 0 memorised, 5 levels left

rFire  + . .     SeeInvis .     a - +0 war axe
rCold  . . .     Gourm    .     g - +2 chain mail {rF+}
rNeg   . . .     Faith    .     c - +0 shield
rPois  .         Spirit   .     d - +0 helmet
rElec  .         Dismiss  .     (no cloak)
rCorr  .         Reflect  .     (no gloves)
SustAt .         Harm     .     (no boots)
MR     .....                    (no amulet)
Stlth  ..........               (no ring)
                                w - +2 ring of intelligence

@: not resistant to hostile enchantments, extremely unstealthy
A: no striking features
a: Convert to Beogh


You were on level 4 of the Dungeon.
You were hungry.

You visited 1 branch of the dungeon, and saw 4 of its levels.

You collected 166 gold pieces.

Inventory:

Hand Weapons
 a - a +0 war axe (weapon)
Armour
 c - a +0 shield (worn)
 d - a +0 helmet (worn)
 g - a +2 chain mail of fire resistance (worn)
Jewellery
 w - a +2 ring of intelligence (left hand)
Wands
 t - a wand of flame (26/48)
Scrolls
 i - 2 scrolls of identify {unknown}
 j - 2 scrolls of blinking {unknown}
 l - a scroll of recharging {unknown}
 m - a scroll of fog {unknown}
 p - 2 scrolls of random uselessness {unknown}
Potions
 b - a potion of invisibility {unknown}
 e - a potion of resistance {unknown}
 h - 2 potions of magic {unknown}
 k - 3 potions of brilliance {unknown}
 o - a potion of mutation {unknown}
 s - 3 potions of curing {unknown}
 u - a potion of flight {unknown}
 v - a potion of haste {unknown}
Comestibles
 f - 3 bread rations
 n - 2 royal jellies
 q - 3 meat rations
 r - 5 chunks of flesh


   Skills:
 - Level 3.6 Fighting
 + Level 3.6 Axes
 - Level 5.1 Armour
 - Level 5.5 Shields


You had 5 spell levels left.
You didn't know any spells.

Dungeon Overview and Level Annotations

Branches:
Dungeon (4/15)
 Temple: D:4-7

Altars:
Ashenzari
Dithmenos
Gozag
Kikubaaqudgha
Zin


Message History

The orc priest calls upon Beogh to heal the orc priest.
The orc priest's wounds heal themselves!
The orc priest hits you.
You are feeling hungry.
The orc priest shouts, "Join the one true god or die!"
You hit the orc priest.
The orc priest threatens, "By the altar or by the axe, you will meet Beogh!"
The orc priest is moderately wounded.
The orc priest hits you but does no damage.
The orc priest invokes the aid of Beogh against you.
Pain shoots through your body!
You hit the orc priest.
The orc priest is heavily wounded.
The orc priest shouts, "Beogh is our master!
Accept the truth or die!"
The orc priest invokes the aid of Beogh against you.
Something smites you!
* * * LOW HITPOINT WARNING * * *
The orc priest mumbles some strange prayers to Beogh against you.
Something smites you!
You die...

#.#.###########........
#.#.##..........###.#..
#.#.##.#######..###.#.#
#.#.##.# #...........>.
#...##.###.#...........
##..#.#.##.#.#..#.##...
#...###...#.#..#.# #.#
#.##.#.####.#..#.#
#.###@####.....# # #.#
#..ooo.....# #.#
######...#....>. #.#
##.## #.### #.# #.# #
#.# #.. #.. .... #####


You could see 2 orc priests and an orc.

Vanquished Creatures
  Sigmund (D:3)
  4 adders
  A worm (D:4)
  2 giant geckos
  2 orcs (D:4)
  5 bats
  3 giant cockroaches
  7 goblins
  5 hobgoblins
  3 quokkas
  2 giant newts (D:3)
  7 kobolds
  5 rats
47 creatures vanquished.

Notes
Turn   | Place    | Note
--------------------------------------------------------------
     0 | D:1      | krabocopter the Hill Orc Fighter began the quest for the Orb.
     0 | D:1      | Reached XP level 1. HP: 19/19 MP: 1/1
   272 | D:1      | Reached XP level 2. HP: 26/26 MP: 2/2
   820 | D:2      | Reached skill level 4 in Shields
   820 | D:2      | Reached XP level 3. HP: 31/31 MP: 3/3
  1128 | D:2      | Found a shadowy altar of Dithmenos.
  1446 | D:3      | Noticed Sigmund
  1470 | D:3      | Killed Sigmund
  1470 | D:3      | Reached skill level 5 in Armour
  1470 | D:3      | Reached skill level 5 in Shields
  1470 | D:3      | Reached XP level 4. HP: 25/39 MP: 4/4
  1470 | D:3      | Reached XP level 5. HP: 28/45 MP: 5/5
  1689 | D:3      | Found a glowing silver altar of Zin.
  1691 | D:3      | Found a shattered altar of Ashenzari.
  1722 | D:3      | Reached XP level 6. HP: 43/51 MP: 6/6
  1836 | D:3      | Found an ancient bone altar of Kikubaaqudgha.
  1936 | D:3      | Found an opulent altar of Gozag.
  2149 | D:4      | Killed from afar by an orc priest

Vault maps used:
D:1:      dpeg_arrival_short_road
D:2:      grunt_dithmenos_smoke
D:3:      lemuel_round_altar, grunt_temple_overflow_open,
          kiku_gazebo_garden_becter, minmay_misc_feat_nine_boxes, uniq_sigmund
D:4:      minmay_opposing_rooms

Action                   |  1- 3 |  4- 6 || total
-------------------------+-------+-------++-------
Melee: War axe           |   123 |   106 ||   229
  Use: Potion            |     1 |       ||     1
  Eat: Chunk             |     2 |     2 ||     4
